[Event "4th Sabbiadoro-Master 2018"]
[Site "Lignano Sabbiadoro"]
[Date "2018.07.30"]
[Round "3.5"]
[White "Olivetti, Davide"]
[Black "Nester, Ihor"]
[Result "0-1"]
[ECO "C44"]
[WhiteElo "2234"]
[BlackElo "2305"]
[Annotator "NA"]
[PlyCount "88"]
[EventDate "2018.07.29"]
[EventType "swiss"]
[EventCountry "ITA"]
[SourceTitle "playchess.com"]
[Source "ChessBase"]
[SourceQuality "1"]
[TimeControl "5400+30"]

1. e4 e5 2. Nf3 Nc6 3. d4 exd4 4. c3 d5 5. exd5 Qxd5 6. cxd4 Bb4+ 7. Nc3 Bg4 8. Be2 Bxf3 9. Bxf3 Qc4 10. Be3 Nge7 11. Qb3 Qxb3 12. axb3 O-O-O 13. O-O a6 14. Rfd1 h6 15. g3 g5 16. Ra4 Bd6 17. Ne4 Nd5 18. Nxd6+ Rxd6 19. h4 gxh4 20. gxh4 Nb6 21. Raa1 Rhd8 22. Bg4+ Kb8 23. Kh2 Nxd4 24. Rac1 f5 25. Bh5 Rd5 26. Bf4 Ne6 27. Rxd5 Nxd5 28. Be5 Ndf4 29. Bxf4 Nxf4 30. Rd1 Kc8 31. Rxd8+ Kxd8 32. Bf3 c6 33. Kg3 Ne6 34. Bd1 Ke7 35. f4 Nd4 36. Kf2 c5 37. Ke3 a5 38. Kd3 Kd6 39. Kc4 b5+ 40. Kd3 Kd5 41. Ke3 Ke6 42. Kd2 Kd6 43. Kc3 Kd5 44. Kd3 Nxb3 0-1

[Event "4th Sabbiadoro-Master 2018"]
[Site "Lignano Sabbiadoro"]
[Date "2018.07.30"]
[Round "3.7"]
[White "Bardone, Lorenzo"]
[Black "Mufic, Goran"]
[Result "1/2-1/2"]
[ECO "E09"]
[WhiteElo "2103"]
[BlackElo "2299"]
[Annotator "NA"]
[PlyCount "93"]
[EventDate "2018.07.29"]
[EventType "swiss"]
[EventCountry "ITA"]
[SourceTitle "playchess.com"]
[Source "ChessBase"]
[SourceQuality "1"]
[TimeControl "5400+30"]

1. Nf3 d5 2. c4 e6 3. g3 Nf6 4. Bg2 Be7 5. d4 O-O 6. O-O c6 7. Nbd2 Nbd7 8. Qc2 b6 9. e4 Bb7 10. e5 Ne8 11. cxd5 cxd5 12. Nb1 Ba6 13. Re1 Nc7 14. Nc3 Rc8 15. Be3 Nb8 16. h4 Nb5 17. Ng5 Bxg5 18. hxg5 Nc6 19. Qd1 Qe7 20. Bf1 Nxc3 21. bxc3 Bxf1 22. Rxf1 Na5 23. Kg2 Nc4 24. Bf4 f6 25. gxf6 gxf6 26. Qg4+ Kh8 27. exf6 Rxf6 28. Qh4 Rg8 29. Rae1 Qf7 30. Be5 Nxe5 31. Rxe5 Rf3 32. Rxe6 Rf8 33. Re2 Rxc3 34. Re7 Qf3+ 35. Kg1 Qf5 36. Rxa7 Rf3 37. a4 Kg8 38. Qh2 Rd3 39. Qh4 Rd1 40. Rxd1 Qxf2+ 41. Kh1 Qf3+ 42. Kh2 Qf2+ 43. Kh3 Qf3 44. Kh2 Qf5 45. Kg1 Qf2+ 46. Kh1 Qf3+ 47. Kh2 1/2-1/2

[Event "4th Sabbiadoro-Master 2018"]
[Site "Lignano Sabbiadoro"]
[Date "2018.07.30"]
[Round "3.8"]
[White "Tiraboschi, Nicolo`"]
[Black "Sgnaolin, Davide"]
[Result "1/2-1/2"]
[ECO "B31"]
[WhiteElo "2102"]
[BlackElo "2267"]
[Annotator "NA"]
[PlyCount "58"]
[EventDate "2018.07.29"]
[EventType "swiss"]
[EventCountry "ITA"]
[SourceTitle "playchess.com"]
[Source "ChessBase"]
[SourceQuality "1"]
[TimeControl "5400+30"]

1. e4 c5 2. Nf3 Nc6 3. Bb5 g6 4. O-O Bg7 5. Re1 Nf6 6. d3 O-O 7. Nbd2 d6 8. c3 Bd7 9. Nf1 a6 10. Ba4 b5 11. Bc2 b4 12. h3 Ne8 13. d4 bxc3 14. bxc3 Nc7 15. e5 Nb5 16. Qd2 Qa5 17. a4 Nxc3 18. dxc5 Qxc5 19. Bb2 Nd5 20. Bb3 Ndb4 21. Rad1 Na5 22. Bd4 Nxb3 23. Bxc5 Nxd2 24. Rxd2 dxc5 25. Rxd7 e6 26. Ne3 Rfd8 27. Red1 Rxd7 28. Rxd7 Nc6 29. Nc4 Rd8 1/2-1/2

[Event "4th Sabbiadoro-Master 2018"]
[Site "Lignano Sabbiadoro"]
[Date "2018.07.30"]
[Round "3.9"]
[White "Grochowalski, Pawel"]
[Black "Ventura, Salvatore"]
[Result "1-0"]
[ECO "A80"]
[WhiteElo "2049"]
[BlackElo "2190"]
[Annotator "NA"]
[PlyCount "107"]
[EventDate "2018.07.29"]
[EventType "swiss"]
[EventCountry "ITA"]
[SourceTitle "playchess.com"]
[Source "ChessBase"]
[SourceQuality "1"]
[TimeControl "5400+30"]

1. d4 f5 2. Nc3 Nf6 3. Bg5 d5 4. Bxf6 exf6 5. e3 Be6 6. Bd3 Nc6 7. a3 Qd7 8. Nce2 g6 9. h4 h5 10. Nf4 Bf7 11. c3 Na5 12. Qc2 Nc4 13. Nf3 O-O-O 14. Nd2 Nd6 15. c4 dxc4 16. Nxc4 Qc6 17. Nxd6+ Rxd6 18. Qxc6 Rxc6 19. Kd2 Rb6 20. b4 a5 21. b5 Bd6 22. g3 a4 23. Ne2 Kd7 24. Nc3 Ra8 25. Bc2 Bb3 26. Bxb3 axb3 27. Rhb1 Rxa3 28. Rxa3 Bxa3 29. Rxb3 Bf8 30. Nd5 Rd6 31. Nf4 g5 32. Nxh5 Ke6 33. Kd3 Rd7 34. hxg5 fxg5 35. f3 Bd6 36. g4 fxg4 37. fxg4 c5 38. bxc6 bxc6 39. Ke4 Rf7 40. Rb6 Kd7 41. Rb7+ Bc7 42. Rb2 Re7+ 43. Kd3 Rf7 44. Rg2 Ke6 45. Ke4 Bd6 46. Ng3 Bxg3 47. Rxg3 Rf1 48. Rh3 Rf6 49. Rh5 Rg6 50. Rh8 Kf6 51. Rf8+ Kg7 52. Rf5 Kh6 53. Ke5 Kg7 54. e4 1-0

[Event "4th Sabbiadoro-Master 2018"]
[Site "Lignano Sabbiadoro"]
[Date "2018.07.30"]
[Round "3.10"]
[White "Siclari, Giovanni"]
[Black "Ridolfo, Enrico"]
[Result "1-0"]
[ECO "B38"]
[WhiteElo "2185"]
[BlackElo "2047"]
[Annotator "NA"]
[PlyCount "81"]
[EventDate "2018.07.29"]
[EventType "swiss"]
[EventCountry "ITA"]
[SourceTitle "playchess.com"]
[Source "ChessBase"]
[SourceQuality "1"]
[TimeControl "5400+30"]

1. Nf3 g6 2. c4 Bg7 3. e4 c5 4. d4 cxd4 5. Nxd4 Nc6 6. Be3 Nf6 7. Nc3 O-O 8. Be2 d6 9. O-O Bd7 10. Qd2 Nxd4 11. Bxd4 Bc6 12. f3 Qa5 13. Rac1 Rac8 14. Rfd1 Rfd8 15. b3 h5 16. Be3 Nd7 17. Nd5 Qxd2 18. Rxd2 Kf8 19. Bg5 Bxd5 20. Rxd5 Nf6 21. Rd2 Ke8 22. Be3 Rc6 23. c5 Nd7 24. Bb5 Rc7 25. c6 bxc6 26. Rxc6 Rdc8 27. Ra6 Rc1+ 28. Kf2 Bc3 29. Rxa7 Bxd2 30. Bxd7+ Kd8 31. Bxd2 R1c7 32. Ba5 Kxd7 33. Rxc7+ Rxc7 34. Bxc7 Kxc7 35. Ke3 Kc6 36. Kd4 f5 37. a4 e6 38. b4 g5 39. b5+ Kb6 40. exf5 exf5 41. h3 1-0

[Event "4th Sabbiadoro-Master 2018"]
[Site "Lignano Sabbiadoro"]
[Date "2018.07.31"]
[Round "4.3"]
[White "Calavalle, Giulio"]
[Black "Migliorini, Matteo"]
[Result "1-0"]
[ECO "B26"]
[WhiteElo "2275"]
[BlackElo "2130"]
[Annotator "NA"]
[PlyCount "107"]
[EventDate "2018.07.29"]
[EventType "swiss"]
[EventCountry "ITA"]
[SourceTitle "playchess.com"]
[Source "ChessBase"]
[SourceQuality "1"]
[TimeControl "5400+30"]

1. e4 c5 2. Nc3 Nc6 3. g3 g6 4. Bg2 Bg7 5. d3 d6 6. Be3 e6 7. Nge2 {[%emt 0:01:30] LiveBook: 103 Games} Nd4 8. Qd2 Ne7 9. Nd1 O-O 10. Nxd4 {[%emt 0:02:30] B26: Closed Sicilian: 3 g3, lines with early Be3} (10. O-O Rb8 11. Nxd4 cxd4 12. Bh6 e5 13. c3 Nc6 14. Bxg7 Kxg7 15. f4 f6 {½-½ (15) Gozzoli,Y (2430)-Bagheri,A (2541) Paris 2003}) 10... cxd4 11. Bh6 Bxh6 $146 ({Predecessor:} 11... e5 12. Bxg7 Kxg7 13. f4 Nc6 14. O-O {0-1 (48) Wegner,V (1689)-Kemper,A (1866) Germany 2008}) 12. Qxh6 e5 13. h4 f6 14. Qd2 Be6 15. f4 Nc6 16. Nf2 Rc8 17. Nh3 Qa5 18. c3 dxc3 19. bxc3 Ne7 20. Rc1 Rc7 21. h5 Rfc8 22. c4 Qxd2+ 23. Kxd2 Nc6 24. hxg6 hxg6 25. Nf2 Rh7 26. Rxh7 Kxh7 27. f5 gxf5 28. Bh3 Nd4 29. exf5 Bxf5 30. Bxf5+ Nxf5 31. Ne4 Kg6 32. Rf1 Rf8 33. g4 Nh6 34. g5 Ng4 35. gxf6 Nxf6 36. Rg1+ Kh5 37. Nxd6 Ng4 38. Nxb7 Rf2+ 39. Kc3 Rxa2 40. c5 Ra6 41. Kb4 Rc6 42. Na5 Rc8 43. Nc4 Kh4 44. Re1 Rb8+ 45. Ka5 Rc8 46. Kb5 Rb8+ 47. Kc6 Rc8+ 48. Kd6 Rd8+ 49. Ke6 Rc8 $18 (49... Re8+ 50. Kd7 Nf6+ 51. Kc7 e4) 50. Nxe5 Rxc5 51. d4 Rb5 52. Re4 Rb6+ 53. Kd7 Rb7+ 54. Kc6 1-0

[Event "4th Sabbiadoro-Master 2018"]
[Site "Lignano Sabbiadoro"]
[Date "2018.07.31"]
[Round "4.4"]
[White "Medici, Simone"]
[Black "Damia, Angelo"]
[Result "0-1"]
[ECO "D66"]
[WhiteElo "2286"]
[BlackElo "2313"]
[Annotator "ChessBase"]
[PlyCount "115"]
[EventDate "2018.07.29"]
[EventType "swiss"]
[EventCountry "ITA"]
[SourceTitle "playchess.com"]
[Source "ChessBase"]
[SourceQuality "1"]
[TimeControl "5400+30"]

1. d4 Nf6 2. c4 e6 3. Nf3 d5 4. Nc3 Be7 5. Bg5 Nbd7 6. e3 O-O 7. Rc1 dxc4 8. Bxc4 a6 9. O-O b5 10. Bd3 Bb7 11. Qe2 c5 12. Rfd1 c4 13. Bb1 Nd5 14. Bxe7 Qxe7 15. e4 Nxc3 16. Rxc3 Nb6 17. Ne5 f6 18. Ng4 b4 19. Rg3 Rac8 20. d5 Kh8 21. Ne3 g6 22. d6 Qd7 23. Qd2 Qb5 24. d7 Rcd8 25. Qd6 Qxd7 26. Qxf8+ Rxf8 27. Rxd7 Nxd7 28. Nxc4 Rc8 29. b3 Ne5 30. Bd3 Nxc4 31. Bxc4 Bxe4 32. h3 a5 33. Bxe6 Rc1+ 34. Kh2 Rc3 35. Re3 Rxe3 36. fxe3 Bb1 37. Bd7 Bxa2 38. Ba4 Kg7 39. g3 Kf7 40. Kg2 Ke6 41. Kf3 Ke5 42. Ke2 Bb1 43. Kf3 Be4+ 44. Ke2 Bg2 45. h4 Kd5 46. Be8 Kc5 47. Kd3 Bc6 48. Bf7 Bd5 49. Bxd5 Kxd5 50. g4 f5 51. g5 Kc5 52. Kc2 Kb5 53. Kb2 a4 54. bxa4+ Kxa4 55. Ka2 b3+ 56. Kb2 Kb4 57. Kb1 Kc3 58. Kc1 0-1

[Event "4th Sabbiadoro-Master 2018"]
[Site "Lignano Sabbiadoro"]
[Date "2018.07.31"]
[Round "4.6"]
[White "Micottis, Dorian"]
[Black "Grochowalski, Pawel"]
[Result "1/2-1/2"]
[ECO "B19"]
[WhiteElo "2279"]
[BlackElo "2049"]
[Annotator "ChessBase"]
[PlyCount "111"]
[EventDate "2018.07.29"]
[EventType "swiss"]
[EventCountry "ITA"]
[SourceTitle "playchess.com"]
[Source "ChessBase"]
[SourceQuality "1"]
[TimeControl "5400+30"]

1. e4 c6 2. d4 d5 3. Nd2 dxe4 4. Nxe4 Bf5 5. Ng3 Bg6 6. h4 h6 7. Nf3 Nd7 8. h5 Bh7 9. Bd3 Bxd3 10. Qxd3 e6 11. Bd2 Ngf6 12. O-O-O Be7 13. Kb1 Qc7 14. Ne4 Nxe4 15. Qxe4 O-O-O 16. g3 Kb8 17. c4 Ka8 18. Bc3 Nf6 19. Qe2 b5 20. Ne5 Bd6 21. f4 bxc4 22. Qxc4 Nd5 23. Rc1 Bxe5 24. dxe5 Nb6 25. Ba5 Nxc4 26. Bxc7 Rd7 27. Rxc4 Rxc7 28. Rd1 Kb7 29. Kc2 Rg8 30. Rc3 g6 31. hxg6 Rxg6 32. Rd8 Rc8 33. Rxc8 Kxc8 34. Rxc6+ Kb7 35. Rc3 h5 36. Kd2 Rg4 37. Rf3 h4 38. gxh4 Rxh4 39. Ke3 Rh2 40. Rf2 Rh3+ 41. Ke4 Rh4 42. Rg2 Rh7 43. Rg8 Kb6 44. Rb8+ Kc6 45. Ra8 Kb6 46. b4 Kb7 47. Rf8 Kc6 48. a4 a6 49. Kd4 Rg7 50. Kc4 Rh7 51. Rd8 Rh1 52. Rd6+ Kb7 53. Rd7+ Kc6 54. Rxf7 Rc1+ 55. Kb3 Rb1+ 56. Kc3 1/2-1/2

[Event "4th Sabbiadoro-Master 2018"]
[Site "Lignano Sabbiadoro"]
[Date "2018.07.31"]
[Round "4.7"]
[White "Barberi, Alessandro"]
[Black "Siclari, Giovanni"]
[Result "0-1"]
[ECO "A22"]
[WhiteElo "2044"]
[BlackElo "2185"]
[Annotator "NA"]
[PlyCount "57"]
[EventDate "2018.07.29"]
[EventType "swiss"]
[EventCountry "ITA"]
[SourceTitle "playchess.com"]
[Source "ChessBase"]
[SourceQuality "1"]
[TimeControl "5400+30"]

1. c4 Nf6 2. Nc3 e5 3. g3 Bb4 4. Qc2 O-O 5. Bg2 Re8 6. e3 c6 7. a3 Bxc3 8. Qxc3 d5 9. d3 d4 10. Qc2 e4 11. dxe4 d3 12. Qb3 Nxe4 13. Nf3 Na6 14. Bd2 Nac5 15. Qa2 Bg4 16. b4 Qf6 17. bxc5 Bxf3 18. O-O Rad8 19. Rab1 Rd7 20. Qb2 Qf5 21. h3 Bxg2 22. Kxg2 Ng5 23. Rh1 Qf3+ 24. Kg1 Ne4 25. Rh2 Re6 26. a4 Rg6 27. Qe5 Rd8 28. Ba5 Nxg3 29. Rh1 0-1

[Event "4th Sabbiadoro-Master 2018"]
[Site "Lignano Sabbiadoro"]
[Date "2018.07.31"]
[Round "4.8"]
[White "Mufic, Goran"]
[Black "Tiraboschi, Nicolo`"]
[Result "1/2-1/2"]
[ECO "D02"]
[WhiteElo "2299"]
[BlackElo "2102"]
[Annotator "NA"]
[PlyCount "46"]
[EventDate "2018.07.29"]
[EventType "swiss"]
[EventCountry "ITA"]
[SourceTitle "playchess.com"]
[Source "ChessBase"]
[SourceQuality "1"]
[TimeControl "5400+30"]

1. d4 d5 2. Bf4 Nf6 3. e3 e6 4. Nf3 Bd6 5. Bg3 Ne4 6. Bxd6 cxd6 7. Nbd2 Qb6 8. Rb1 Bd7 9. Bd3 Nxd2 10. Qxd2 Bb5 11. O-O O-O 12. Rfe1 Nd7 13. e4 dxe4 14. Rxe4 Nf6 15. Rf4 Qa6 16. Bxb5 Qxb5 17. b3 Rac8 18. a4 Qh5 19. c4 e5 20. dxe5 dxe5 21. Rh4 Qf5 22. Re1 Rcd8 23. Qe3 Rd3 1/2-1/2

[Event "4th Sabbiadoro-Master 2018"]
[Site "Lignano Sabbiadoro"]
[Date "2018.07.31"]
[Round "4.9"]
[White "Sgnaolin, Davide"]
[Black "Redondo Arguelles, Graciela"]
[Result "1/2-1/2"]
[ECO "C10"]
[WhiteElo "2267"]
[BlackElo "2051"]
[Annotator "NA"]
[PlyCount "51"]
[EventDate "2018.07.29"]
[EventType "swiss"]
[EventCountry "ITA"]
[SourceTitle "playchess.com"]
[Source "ChessBase"]
[SourceQuality "1"]
[TimeControl "5400+30"]

1. e4 e6 2. d4 d5 3. Nd2 dxe4 4. Nxe4 Nd7 5. Nf3 Ngf6 6. Bd3 Be7 7. Qe2 O-O 8. Bg5 c5 9. dxc5 Nxc5 10. Nxc5 Qa5+ 11. c3 Qxc5 12. O-O Rd8 13. Rad1 Bd7 14. Ne5 Be8 15. Bh4 Rd5 16. Bg3 Rad8 17. c4 Rd4 18. Nf3 R4d7 19. Be5 b5 20. b3 bxc4 21. Bxc4 Rxd1 22. Rxd1 Rxd1+ 23. Qxd1 Bc6 24. Bb2 h6 25. Ne5 Bd5 26. Bxd5 1/2-1/2

[Event "4th Sabbiadoro-Master 2018"]
[Site "Lignano Sabbiadoro"]
[Date "2018.07.31"]
[Round "4.10"]
[White "Prete, Alessandro"]
[Black "Olivetti, Davide"]
[Result "1/2-1/2"]
[ECO "C56"]
[WhiteElo "2032"]
[BlackElo "2234"]
[Annotator "NA"]
[PlyCount "39"]
[EventDate "2018.07.29"]
[EventType "swiss"]
[EventCountry "ITA"]
[SourceTitle "playchess.com"]
[Source "ChessBase"]
[SourceQuality "1"]
[TimeControl "5400+30"]

1. e4 e5 2. Bc4 Nf6 3. d4 exd4 4. Nf3 Nc6 5. O-O Nxe4 6. Re1 d5 7. Bxd5 Qxd5 8. Nc3 Qh5 9. Nxe4 Be6 10. Neg5 O-O-O 11. Nxe6 fxe6 12. Rxe6 Bd6 13. Bd2 Rde8 14. Rxe8+ Rxe8 15. h3 Qb5 16. b3 Qd5 17. Bc3 Bc5 18. Qd3 Qe4 19. Qxe4 Rxe4 20. Re1 1/2-1/2

[Event "4th Sabbiadoro-Master 2018"]
[Site "Lignano Sabbiadoro"]
[Date "2018.08.01"]
[Round "5.3"]
[White "Bentivegna, Francesco"]
[Black "Ristic, Nenad"]
[Result "1/2-1/2"]
[ECO "B22"]
[WhiteElo "2248"]
[BlackElo "2356"]
[Annotator "NA RC"]
[PlyCount "52"]
[EventDate "2018.07.29"]
[EventType "swiss"]
[EventCountry "ITA"]
[SourceTitle "playchess.com"]
[Source "ChessBase"]
[SourceQuality "1"]
[TimeControl "5400+30"]

1. e4 c5 2. c3 Nf6 3. e5 Nd5 4. d4 cxd4 5. Nf3 e6 6. cxd4 Qc7 7. Bd2 d6 8. Nc3 Nxc3 9. Bxc3 dxe5 10. dxe5 Nc6 11. Bd3 Be7 12. O-O O-O 13. Qe2 b6 14. Rac1 Bb7 15. b4 Rac8 16. b5 Nb8 17. Nd4 Rfd8 18. Bb2 Qd7 19. Rxc8 Rxc8 20. Rd1 Qd5 21. f3 Bc5 22. Kh1 Qxa2 23. Bc4 Qa4 24. Ra1 Qb4 25. Ba3 Qc3 26. Bb2 Qb4 1/2-1/2

[Event "4th Sabbiadoro-Master 2018"]
[Site "Lignano Sabbiadoro"]
[Date "2018.08.02"]
[Round "6.3"]
[White "Ristic, Nenad"]
[Black "Zuttioni, Federico"]
[Result "1/2-1/2"]
[ECO "B22"]
[WhiteElo "2356"]
[BlackElo "2141"]
[Annotator "NA"]
[PlyCount "78"]
[EventDate "2018.07.29"]
[EventType "swiss"]
[EventCountry "ITA"]
[SourceTitle "playchess.com"]
[Source "ChessBase"]
[SourceQuality "1"]
[TimeControl "5400+30"]

1. e4 c5 2. c3 Nf6 3. e5 Nd5 4. d4 cxd4 5. Nf3 e6 6. cxd4 b6 7. Nc3 Nxc3 8. bxc3 Bb7 9. Bd3 Be7 10. h4 h6 11. Nd2 Qc7 12. Ne4 Nc6 13. a4 Na5 14. O-O Rc8 15. Qg4 Bxe4 16. Qxg7 Rf8 17. Bxe4 Qxc3 18. Be3 Nb3 19. Rad1 Rc4 20. Qxh6 Rxa4 21. Qh7 Nxd4 22. Rxd4 Rxd4 23. Rc1 Qxc1+ 24. Bxc1 Rd1+ 25. Kh2 Rxc1 26. h5 f5 27. Bf3 a5 28. h6 a4 29. Qg7 a3 30. h7 a2 31. h8=Q a1=Q 32. Bh5+ Kd8 33. Qhxf8+ Bxf8 34. Qxf8+ Kc7 35. Qd6+ Kd8 36. Qb8+ Rc8 37. Qxb6+ Ke7 38. Qd6+ {[%emt 0:00:30] Ke8# [%clk 0:00:00]} Kd8 39. Qf8+ Kc7 1/2-1/2

[Event "4th Sabbiadoro-Master 2018"]
[Site "Lignano Sabbiadoro"]
[Date "2018.08.02"]
[Round "6.4"]
[White "Simonetto, Andrea"]
[Black "Damia, Angelo"]
[Result "1/2-1/2"]
[ECO "D35"]
[WhiteElo "2173"]
[BlackElo "2313"]
[Annotator "NA"]
[PlyCount "80"]
[EventDate "2018.07.29"]
[EventType "swiss"]
[EventCountry "ITA"]
[SourceTitle "playchess.com"]
[Source "ChessBase"]
[SourceQuality "1"]
[TimeControl "5400+30"]

1. d4 e6 2. c4 d5 3. Nc3 Nf6 4. cxd5 exd5 5. Bg5 Nbd7 6. e3 Be7 7. Bd3 c6 8. Nge2 O-O 9. O-O h6 10. Bh4 Ne4 11. Bxe7 Qxe7 12. Qc2 Ndf6 13. Rae1 Bf5 14. f3 Nxc3 15. Nxc3 Bxd3 16. Qxd3 Qb4 17. Re2 Rfe8 18. Rfe1 Rad8 19. a3 Qc4 20. Qc2 Qa6 21. Na2 Re7 22. Nb4 Qb6 23. Nd3 Rde8 24. b4 a5 25. Qc5 Qa6 26. Ne5 axb4 27. axb4 Nd7 28. Nxd7 Rxd7 29. e4 dxe4 30. Rxe4 Rxe4 31. Rxe4 Qa1+ 32. Kf2 Qb2+ 33. Re2 Qxd4+ 34. Qxd4 Rxd4 35. Re8+ Kh7 36. b5 Rd2+ 37. Kg3 Rd7 38. f4 b6 39. h4 Kg6 40. Kg4 Kf6 1/2-1/2

[Event "4th Sabbiadoro-Master 2018"]
[Site "Lignano Sabbiadoro"]
[Date "2018.08.02"]
[Round "6.7"]
[White "Micottis, Dorian"]
[Black "Favilli, Edoardo"]
[Result "1/2-1/2"]
[ECO "C12"]
[WhiteElo "2279"]
[BlackElo "2116"]
[Annotator "NA"]
[PlyCount "95"]
[EventDate "2018.07.29"]
[EventType "swiss"]
[EventCountry "ITA"]
[SourceTitle "playchess.com"]
[Source "ChessBase"]
[SourceQuality "1"]
[TimeControl "5400+30"]

1. e4 e6 2. d4 d5 3. Nc3 Nf6 4. Bg5 Bb4 5. e5 h6 6. Be3 Ne4 7. Qg4 g6 8. a3 Bxc3+ 9. bxc3 c5 10. Bd3 h5 $11 11. Qf3 Nxc3 12. dxc5 Nc6 13. Qf4 d4 14. Bd2 Na4 15. Nf3 Nxc5 16. O-O Nxd3 17. cxd3 f6 18. Qg3 g5 19. exf6 g4 20. Ng5 Qxf6 21. Ne4 Qg7 22. Nd6+ Kd7 23. Nc4 e5 24. Rae1 Re8 25. f4 Kc7 26. Nxe5 Bf5 27. Rc1 Rac8 28. Rc5 Qf8 29. Bb4 Qf6 30. Rfc1 Kb8 31. Nxc6+ Rxc6 32. Rxc6 bxc6 33. Re1 Re6 34. Bc5 h4 35. Qf2 Bxd3 36. Rxe6 Qxe6 37. Bxd4 Qb3 38. Be5+ Kb7 39. Qxh4 Qd1+ 40. Kf2 Qe2+ 41. Kg3 Bf5 42. Qe7+ Ka6 43. Qc5 Be4 44. Qf2 Qd3+ 45. Kxg4 Qd1+ 46. Kg3 Qd3+ 47. Kg4 Qd1+ 48. Kg3 1/2-1/2

[Event "4th Sabbiadoro-Master 2018"]
[Site "Lignano Sabbiadoro"]
[Date "2018.08.02"]
[Round "6.8"]
[White "Sgnaolin, Davide"]
[Black "Migliorini, Matteo"]
[Result "0-1"]
[ECO "A06"]
[WhiteElo "2267"]
[BlackElo "2130"]
[Annotator "NA"]
[PlyCount "96"]
[EventDate "2018.07.29"]
[EventType "swiss"]
[EventCountry "ITA"]
[SourceTitle "playchess.com"]
[Source "ChessBase"]
[SourceQuality "1"]
[TimeControl "5400+30"]

1. Nf3 c5 2. b3 d5 3. Bb2 Nc6 4. e3 Nf6 5. Bb5 $11 {[%emt 0:05:00] LiveBook: 185 Games} Qb6 6. a4 Bg4 7. h3 Bh5 8. g4 Bg6 9. Ne5 e6 10. d3 Bd6 11. Bxc6+ bxc6 12. Nd2 Rd8 13. Qe2 c4 14. dxc4 Bxc2 15. Rc1 Bxb3 16. Nxb3 Bxe5 17. Bxe5 Qxb3 18. O-O O-O 19. Bxf6 gxf6 20. Qf3 Kg7 21. cxd5 cxd5 22. Qf4 d4 23. exd4 Qxa4 24. Ra1 Qxd4 25. Qxd4 Rxd4 26. Rxa7 Rfd8 27. Rc1 Rd1+ 28. Rxd1 Rxd1+ 29. Kg2 Rd5 30. Kg3 f5 31. Ra8 Rd3+ 32. Kg2 f4 33. Ra5 f6 34. Ra4 e5 35. Ra7+ Kg6 36. Ra8 h5 37. gxh5+ Kxh5 38. Rg8 f5 39. Rh8+ Kg6 40. Rg8+ Kf7 41. Ra8 e4 42. Ra6 Rd8 43. Ra7+ Kf6 44. Ra6+ Kg5 45. Ra5 Rg8 46. Kf1 f3 47. Ra7 Rh8 48. Rg7+ Kf4 0-1

[Event "4th Sabbiadoro-Master 2018"]
[Site "Lignano Sabbiadoro"]
[Date "2018.08.02"]
[Round "6.9"]
[White "Ventura, Salvatore"]
[Black "Barberi, Alessandro"]
[Result "1-0"]
[ECO "B06"]
[WhiteElo "2185"]
[BlackElo "2044"]
[Annotator "NA"]
[PlyCount "35"]
[EventDate "2018.07.29"]
[EventType "swiss"]
[EventCountry "ITA"]
[SourceTitle "playchess.com"]
[Source "ChessBase"]
[SourceQuality "1"]
[TimeControl "5400+30"]

1. d4 g6 2. e4 Bg7 3. Nc3 d6 4. f4 a6 5. Nf3 Nd7 6. Bd3 b5 7. e5 Bb7 8. Qe2 c5 9. Ng5 Nf8 10. Nxb5 cxd4 11. Nxd6+ exd6 12. exd6+ Ne6 13. f5 gxf5 14. Nxe6 fxe6 15. Qxe6+ Kf8 16. O-O Nf6 17. Bd2 Bc8 18. d7 1-0

[Event "4th Sabbiadoro-Master 2018"]
[Site "Lignano Sabbiadoro"]
[Date "2018.08.02"]
[Round "6.10"]
[White "Grigorian, Roudolph"]
[Black "Grochowalski, Pawel"]
[Result "1/2-1/2"]
[ECO "D02"]
[WhiteElo "2154"]
[BlackElo "2049"]
[Annotator "NA"]
[PlyCount "32"]
[EventDate "2018.07.29"]
[EventType "swiss"]
[EventCountry "ITA"]
[SourceTitle "playchess.com"]
[Source "ChessBase"]
[SourceQuality "1"]
[TimeControl "5400+30"]

1. d4 Nf6 2. Bf4 d5 3. Nf3 e6 4. e3 Bd6 5. Bg3 Qe7 6. Nbd2 c5 7. c3 Nc6 8. Ne5 Nd7 9. Nxc6 bxc6 10. Qa4 Bb7 11. Nb3 Bxg3 12. hxg3 c4 13. Na5 Rb8 14. Qc2 Qa3 15. b3 g6 16. b4 Ba8 1/2-1/2

[Event "4th Sabbiadoro-Master 2018"]
[Site "Lignano Sabbiadoro"]
[Date "2018.08.03"]
[Round "7.3"]
[White "Damia, Angelo"]
[Black "Ristic, Nenad"]
[Result "1/2-1/2"]
[ECO "B38"]
[WhiteElo "2313"]
[BlackElo "2356"]
[Annotator "NA"]
[PlyCount "99"]
[EventDate "2018.07.29"]
[EventType "swiss"]
[EventCountry "ITA"]
[SourceTitle "playchess.com"]
[Source "ChessBase"]
[SourceQuality "1"]
[TimeControl "5400+30"]

1. e4 c5 2. Nf3 Nc6 3. d4 cxd4 4. Nxd4 g6 5. c4 Bg7 6. Be3 Nf6 7. Nc3 O-O 8. Be2 d6 9. O-O Bd7 10. Rc1 Nxd4 11. Bxd4 Bc6 12. Qd3 Nd7 13. Bxg7 Kxg7 14. b3 Nc5 15. Qe3 e5 16. f4 f6 17. f5 a5 18. Rcd1 Qc7 19. Rd2 Rad8 20. h4 b6 21. g4 Qb7 22. Nd5 gxf5 23. Rxf5 Ne6 24. Nxf6 Rxf6 25. Rxf6 Kxf6 26. Qh6+ Ke7 27. g5 Rf8 28. Bg4 Bd7 29. Qxh7+ Rf7 30. Qg6 Nd4 31. Rf2 Be8 32. Rxf7+ Bxf7 33. Qf6+ Ke8 34. Qxd6 Qe7 35. Qb8+ Qd8 36. Qxe5+ Ne6 37. Bxe6 Qd1+ 38. Kf2 Qd2+ 39. Kf3 Qd1+ 40. Kf4 Qf1+ 41. Kg4 Qe2+ 42. Kf5 Qf3+ 43. Qf4 Qh3+ 44. Ke5 Qxe6+ 45. Kd4 Qd7+ 46. Kc3 Qd1 47. Qe5+ Kf8 48. Qh8+ Ke7 49. Qf6+ Ke8 50. Qe5+ 1/2-1/2

[Event "4th Sabbiadoro-Master 2018"]
[Site "Lignano Sabbiadoro"]
[Date "2018.08.03"]
[Round "7.4"]
[White "Zuttioni, Federico"]
[Black "Simonetto, Andrea"]
[Result "1-0"]
[ECO "B12"]
[WhiteElo "2141"]
[BlackElo "2173"]
[Annotator "NA"]
[PlyCount "69"]
[EventDate "2018.07.29"]
[EventType "swiss"]
[EventCountry "ITA"]
[SourceTitle "playchess.com"]
[Source "ChessBase"]
[SourceQuality "1"]
[TimeControl "5400+30"]

1. e4 c6 2. d4 d5 3. e5 c5 4. dxc5 e6 5. Nf3 Bxc5 6. a3 Ne7 7. b4 Bb6 8. Bd3 Ng6 9. O-O O-O 10. Bb2 Nc6 11. Nbd2 a5 12. b5 Nce7 13. g3 f6 14. Qe2 Bd7 15. a4 Qe8 16. Rad1 Qf7 17. Nb3 Rac8 18. Rd2 fxe5 19. Nxe5 Nxe5 20. Bxe5 Ng6 21. Qh5 Be8 22. Re2 h6 23. Bd6 Qf3 24. Qxf3 Rxf3 25. Rxe6 Bd7 26. Rxg6 Bh3 27. Be5 Bxf1 28. Bxf1 Bxf2+ 29. Kg2 Rf7 30. Bd3 Be3 31. Bd4 Bg5 32. Rd6 Rd8 33. Rxd8+ Bxd8 34. b6 Bf6 35. c4 1-0